 Dungeon Crawl Stone Soup version 0.31-a0-986-g5e6e4ef867 (webtiles) character file.

Game seed: 4718415088499286737

7 croobank the Sneak (level 1, -1/18 HPs)
             Began as a Demigod Delver on Nov 10, 2023.
             Slain by an adder (4 damage)
             ... on level 3 of the Dungeon.
             The game lasted 00:02:57 (512 turns).

croobank the Sneak (Demigod Delver)                  Turns: 512, Time: 00:02:58

Health: -1/18      AC:  3    Str: 13    XL:     1   Next: 73%
Magic:  3/3        EV: 12    Int: 12    God:
Gold:   24         SH:  0    Dex: 15    Spells: 0/0 levels left

rFire   . . .        c - +0 dagger (vamp)
rCold   + . .        (no shield)
rNeg    . . .        b - +0 leather armour
rPois   .            (no helmet)
rElec   .            (no cloak)
rCorr   .            (no gloves)
SInv    .            (no boots)
Will    .....        (no amulet)
Stlth   +++          (no ring)
HPRegen 0.23/turn    (no ring)
MPRegen 0.08/turn

%: random rage (3%)
@: lethally poisoned (-1 -> -6)
A: high MP 1, forlorn, divine attributes, berserk 1, cold resistance 1
a: no special abilities


You were on level 3 of the Dungeon.
You visited 1 branch of the dungeon, and saw 4 of its levels.

You collected 24 gold pieces.

Inventory:

Hand Weapons
 a - a +0 short sword
 c - a +0 vampiric dagger (weapon)
Armour
 b - a +0 leather armour (worn)
 h - a +0 ring mail
Jewellery
 j - a ring of ice
Wands
 g - a wand of digging (3)
Scrolls
 d - a scroll of revelation
 f - 2 scrolls of identify {unknown}
Potions
 i - a potion of might {unknown}


   Skills:
 + Level 2.8 Fighting
 + Level 2.0 Short Blades
 + Level 2.0 Dodging
 + Level 4.6 Stealth


You couldn't memorise any spells.
You didn't know any spells.
Your spell library was empty.

Dungeon Overview and Level Annotations

Branches:
Dungeon (6/15)             Temple (0/1) D:5

Annotations:
D:5 Menkaure


Innate Abilities, Weirdness & Mutations

You have an increased reservoir of magic. (+10% MP)
You shall have no god before yourself.
Your divine heritage dramatically boosts your attributes as you level up.
You sometimes lose your temper in combat.
Your flesh is cold resistant. (rC+)


Message History

The adder hisses angrily.
The adder bites you.
You are poisoned.
The adder poisons you! The adder bites you but does no damage.
You hit the adder.
The adder is lightly wounded.
You feel sick. The adder closely misses you.
You barely miss the adder.
The adder is lightly wounded.
You feel sick. The adder bites you.
You are more poisoned.
The adder poisons you!
You hit the adder.
The adder is heavily wounded.
You feel sick. The adder bites you but does no damage.
Okay, then.
It was a potion of mutation.
You feel extremely strange.
You feel a little pissed off.
You feel resistant to cold.
You feel sick. The adder misses you. The adder bites you.
You hit the adder.
You feel better.
The adder is severely wounded.
You feel sick. The adder barely misses you.
You hit the adder.
You feel better.
The adder is almost dead.
You feel sick. The adder closely misses you.
You barely miss the adder.
The adder is almost dead.
The adder closely misses you.
You hit the adder but do no damage.
The adder is almost dead.
You feel sick. The adder bites you.
You hit the adder but do no damage.
The adder is almost dead.
You feel sick.
You are no longer poisoned.
The adder bites you.
* * * LOW HITPOINT WARNING * * *
You are lethally poisoned!
The adder poisons you! The adder bites you.
You die...

## ## #. .# #. .###
#. ... #.###.#
#...@S# ####..###
#.....# #####
#.###.# .>..### #.#
#.# ##....# #.# #.#
#.##.## #.###.###
####...####.#.....#
.....8............#


You could see an adder.

Vanquished Creatures
  2 dart slugs (D:4)
  A ball python (D:4)
  A kobold (D:4)
4 creatures vanquished.

Notes
Turn   | Place    | Note
-------+----------+-------------------------------------------
     0 | D:5      | croobank the Demigod Delver began the quest for the Orb.
     0 | D:5      | Reached XP level 1. HP: 18/18 MP: 3/3
    39 | D:6      | Noticed a jelly
    62 | D:5      | Noticed a hound
   243 | D:5      | Noticed Menkaure
   288 | D:5      | Noticed a black bear
   507 | D:3      | Gained mutation: You sometimes lose your temper in combat.
                  | [potion of mutation]
   507 | D:3      | Gained mutation: Your flesh is cold resistant. (rC+)
                  | [potion of mutation]
   512 | D:3      | Slain by an adder

Illustrated notes

Levels and vault maps discovered:
D:3:      layout_loops_ring, serial_shops, shop, minmay_misc_feat_tower,
          uniq_sigmund, uniq_robin, uniq_grinder, uniq_crazy_yiuf_cottage
D:4:      layout_loops_ring
D:5:      layout_basic, nicolae_dithmenos_the_darkroom,
          minmay_temple_entry_stoned_glass, uniq_menkaure
D:6:      layout_loops_cross, ashenzari_altar_1, uniq_jeremiah

Skill      XL: |  1 |
---------------+----+-----
Short Blades   | 2 |  2.0
Dodging        | 2 |  2.0
Fighting       | |  2.8
Stealth        | |  4.6

Action                     || total
---------------------------++-------
  Melee: Dagger            ||    19
         Short sword       ||    14
    Use: Scroll            ||     2
         Potion            ||     2
   Stab: Sleeping          ||     3
 Armour: Leather armour    ||    21
  Dodge: Dodged            ||    16

Table legend: (Time is in decaauts)
 A = Elapsed time spent in this place.
 B = Non-inter-level travel time spent in this place.
 C = Inter-level travel time spent in this place.
 D = Time resting spent in this place.
 E = Time spent auto-exploring this place.
 F = Levels seen in this place.
 G = Mean time per level.
                   A        B        C        D        E       F      G
               +--------+--------+--------+--------+--------+-----+--------+
         Total |    493 |    493 |      0 |     90 |    100 |   4 |  123.2 |
       Dungeon |    493 |    493 |      0 |     90 |    100 |   4 |  123.2 |
               +--------+--------+--------+--------+--------+-----+--------+

Top non-repeatable levels by time:
     D:5: 227 daAuts
     D:4: 132 daAuts
     D:6: 79 daAuts
     D:3: 54 daAuts
